 Seeded DCSS version 0.30.1-11-g7821555f0a (webtiles) character file.

Game seed: 6962973379254283827 (custom seed)

7 Psyclone the Conjurer (level 1, 10/10 HPs)
             Began as a Deep Elf Conjurer on Nov 7, 2023.
             Quit the game on level 1 of the Dungeon.
             The game lasted 00:00:22 (54 turns).

Psyclone the Conjurer (Deep Elf Conjurer)             Turns: 54, Time: 00:00:23

Health: 10/10      AC:  2    Str:  4    XL:     1   Next: 91%
Magic:  3/6        EV: 12    Int: 22    God:
Gold:   13         SH:  0    Dex: 13    Spells: 5/6 levels left

rFire   . . .        (no weapon)
rCold   . . .        (no shield)
rNeg    . . .        a - +0 robe
rPois   .            (no helmet)
rElec   .            (no cloak)
rCorr   .            (no gloves)
SInv    .            (no boots)
Will    .....        (no amulet)
Stlth   ++           (no ring)
HPRegen 0.21/turn    (no ring)
MPRegen 0.10/turn

%: no passive effects
@: no status effects
A: no striking features
a: no special abilities


You were on level 1 of the Dungeon.
You visited 1 branch of the dungeon, and saw 1 of its levels.

You collected 13 gold pieces.

Inventory:

Armour
 a - a +0 robe (worn)
Scrolls
 c - 2 scrolls of identify {unknown}
Potions
 b - a potion of magic


   Skills:
 - Level 2.4 Dodging
 - Level 2.4 Stealth
 + Level 3.3 Spellcasting
 * Level 4.7 Conjurations


You had 5 spell levels left.
You knew the following spells:

 Your Spells              Type           Power      Damage    Failure   Level
a - Magic Dart            Conj           96%        1d7       1%          1

Your spell library contained the following spells:

 Spells                   Type           Power      Damage    Failure   Level
 Searing Ray              Conj           48%        2d6       2%          2
 Dazzling Flash           Conj/Hex       28%        N/A       14%         3
 Fulminant Prism          Conj/Hex       7%         3d7       41%         4
 Iskenderun's Mystic Bla  Conj/Tloc      14%        2d5       41%         4


Dungeon Overview and Level Annotations

Branches:
Dungeon (1/15) Zot: 5946

Altars:


Message History

You now have 5/6 mp.
You start resting.
Magic restored.
MP restored: 6
Found a scroll labelled ZAANTO PARARO.
A kobold comes into view. It is wielding a +0 club.
Casting: Magic Dart (safe; 1% risk of failure)
Confirm with . or Enter, or press ? or * to list all spells.
Aiming: Magic Dart (safe; 1% risk of failure)
Press: ? - help, Shift-Dir - straight line, f - kobold
Aim: a kobold, wielding a +0 club and quivering stones (asleep, 100% to hit)
The magic dart hits the kobold.
You kill the kobold!
A goblin comes into view. It is wielding a +0 club.
You now have 5/6 mp.
Casting: Magic Dart (safe; 1% risk of failure)
Confirm with . or Enter, or press ? or * to list all spells.
Aiming: Magic Dart (safe; 1% risk of failure)
Press: ? - help, Shift-Dir - straight line, f - goblin
Aim: a goblin, wielding a +0 club (wandering, hasn't noticed you, 100% to hit)
The magic dart hits the goblin.
You kill the goblin!
You now have 4/6 mp.
Casting: Magic Dart (safe; 1% risk of failure)
Confirm with . or Enter, or press ? or * to list all spells.
You can't see any susceptible monsters within range! (Use Z to cast anyway.) Unknown command.
A hobgoblin comes into view.
Casting: Magic Dart (safe; 1% risk of failure)
Confirm with . or Enter, or press ? or * to list all spells.
Aiming: Magic Dart (safe; 1% risk of failure)
Press: ? - help, Shift-Dir - straight line, f - hobgoblin
Aim: a hobgoblin (asleep, 100% to hit)
The magic dart hits the hobgoblin.
You kill the hobgoblin!
You now have 3/6 mp.
c - 2 scrolls labelled ZAANTO PARARO (gained 1) Unknown command.
Unknown command.
Are you sure you want to abandon this character and quit the game? (Confirm with "yes".)

#.#### #.....#. #.
##.....) ..
.#†...# . .....#
#. .....# ##.####
#####...#
#.....####.......#
#...†.....)###@..#
#.....###### #...#
#####.# ##### #.#
#.## #..## #...#
###'# # ##≈♣.♣≈##


There were no monsters in sight!

Vanquished Creatures
  An endoplasm (D:1)
  A goblin (D:1)
  A hobgoblin (D:1)
  2 kobolds (D:1)
  A rat (D:1)
6 creatures vanquished.

Notes
Turn   | Place    | Note
-------+----------+-------------------------------------------
     0 | D:1      | Psyclone the Deep Elf Conjurer began the quest for the Orb.
     0 | D:1      | Reached XP level 1. HP: 10/10 MP: 6/6
    54 | D:1      | Quit the game

Illustrated notes

Levels and vault maps discovered:
D:1:      saegor_arrival_simple_d, layout_rooms

Action                     || total
---------------------------++-------
   Cast: Magic Dart        ||     6
